AA
SAN DIEGO DOLPHINS @ BLOOMINGTON CARDINALS
04/25/2060
 
TOP OF THE 1ST
San Diego Dolphins batting - Pitching for Bloomington Cardinals : RHP Adair Lunsford
Pitching: RHP Adair Lunsford
Batting: RHB John Williams 0-0: Called Strike
0-1: Ball
1-1: Foul Ball, location: 2F
1-2: Strikes out swinging
Batting: RHB LaVar Mbugua 0-0: Called Strike
0-1: Ground out 4-3 (Groundball, 4, EV 85.6 MPH)
Batting: RHB Gage Haislip 0-0: Called Strike
0-1: Foul Ball, location: 2F
0-2: Ball
1-2: Strikes out swinging
Top of the 1st over - 0 runs, 0 hits, 0 errors, 0 left on base; San Diego 0 - Bloomington 0
BOTTOM OF THE 1ST
Bloomington Cardinals batting - Pitching for San Diego Dolphins : RHP Cole Hollingsworth
Pitching: RHP Cole Hollingsworth
Batting: RHB Mackey Tapia 0-0: Called Strike
0-1: Ground out 4-3 (Groundball, 4, EV 83.1 MPH)
Batting: SHB Weston Borron 0-0: Swinging Strike
0-1: Ball
1-1: Called Strike
1-2: Strikes out swinging
Batting: RHB Marlon Anderson 0-0: Ball
1-0: Ball
2-0: Called Strike
2-1: Ground out 5-3 (Groundball, 5S, EV 60.0 MPH)
Bottom of the 1st over - 0 runs, 0 hits, 0 errors, 0 left on base; San Diego 0 - Bloomington 0
TOP OF THE 2ND
San Diego Dolphins batting - Pitching for Bloomington Cardinals : RHP Adair Lunsford
Batting: RHB Cole Segal 0-0: Ground out 5-3 (Groundball, 56, EV 90.6 MPH)
Batting: RHB Keyshawn Murata 0-0: Foul Ball, location: 2F
0-1: Ball
1-1: Foul Ball, location: 2F
1-2: SINGLE (Line Drive, 78S, EV 106.9 MPH)
Batting: RHB Blake Glover 0-0: Foul Ball, location: 2F
0-1: Swinging Strike
0-2: Strikes out swinging
Batting: RHB Billy Bailey 0-0: Called Strike
0-1: Called Strike
0-2: Strikes out swinging
Top of the 2nd over - 0 runs, 1 hit, 0 errors, 1 left on base; San Diego 0 - Bloomington 0
BOTTOM OF THE 2ND
Bloomington Cardinals batting - Pitching for San Diego Dolphins : RHP Cole Hollingsworth
Batting: LHB Andy O'Bryan 0-0: Ball
1-0: Ball
2-0: Called Strike
2-1: Ball
3-1: Base on Balls
Batting: SHB Davin Baker 0-0: Ball
1-0: Called Strike
1-1: Grounds into double play, 4-6-3 (Groundball, 4M, EV 100.0 MPH)
Batting: RHB Jaylen House 0-0: Called Strike
0-1: Ball
1-1: Ball
2-1: SOLO HOME RUN (Flyball, 7D, EV 98.8 MPH), Distance : 365 ft
Batting: LHB Kendall Loflin 0-0: Ball
1-0: Ground out 5-3 (Groundball, 56, EV 103.1 MPH)
Bottom of the 2nd over - 1 run, 1 hit, 0 errors, 0 left on base; San Diego 0 - Bloomington 1
TOP OF THE 3RD
San Diego Dolphins batting - Pitching for Bloomington Cardinals : RHP Adair Lunsford
Batting: RHB Markieff Pila 0-0: Ball
1-0: Foul Ball, location: 2F
1-1: Foul Ball, location: 2F
1-2: Ground out 5-3 (Groundball, 56S, EV 83.8 MPH)
Batting: RHB Hunter Cooper 0-0: Swinging Strike
0-1: Ball
1-1: Ground out 4-3 (Groundball, 4S, EV 65.6 MPH)
Batting: RHB John Williams 0-0: Foul Ball, location: 2F
0-1: Called Strike
0-2: Ball
1-2: Fly out, F8 (Flyball, 89M, EV 83.1 MPH)
Top of the 3rd over - 0 runs, 0 hits, 0 errors, 0 left on base; San Diego 0 - Bloomington 1
BOTTOM OF THE 3RD
Bloomington Cardinals batting - Pitching for San Diego Dolphins : RHP Cole Hollingsworth
Batting: RHB Derrick Shannon 0-0: Ball
1-0: Ball
2-0: Ball
3-0: Called Strike
3-1: Ground out U3 (Groundball, 3, EV 79.4 MPH)
Batting: RHB Blayne Gillett 0-0: Ball
1-0: Called Strike
1-1: Swinging Strike
1-2: Ball
2-2: Ball
3-2: Strikes out swinging
Batting: RHB Mackey Tapia 0-0: Swinging Strike
0-1: Fly out, F8 (Flyball, 8RM, EV 80.6 MPH)
Bottom of the 3rd over - 0 runs, 0 hits, 0 errors, 0 left on base; San Diego 0 - Bloomington 1
TOP OF THE 4TH
San Diego Dolphins batting - Pitching for Bloomington Cardinals : RHP Adair Lunsford
Batting: RHB LaVar Mbugua 0-0: Called Strike
0-1: Swinging Strike
0-2: Foul Ball, location: 2F
0-2: Ball
1-2: SINGLE (Groundball, 34, EV 94.4 MPH)
Batting: RHB Gage Haislip 0-0: Called Strike
0-1: Ball
1-1: Swinging Strike
1-2: Ball
2-2: Fly out, F9 (Flyball, 89S, EV 93.8 MPH)
Batting: RHB Cole Segal 0-0: Called Strike
0-1: Called Strike
0-2: Ball
1-2: Foul Ball, location: 2F
1-2: Strikes out swinging
Batting: RHB Keyshawn Murata 0-0: Ball
LaVar Mbugua is caught stealing 2nd base 2-4
Top of the 4th over - 0 runs, 1 hit, 0 errors, 0 left on base; San Diego 0 - Bloomington 1
BOTTOM OF THE 4TH
Bloomington Cardinals batting - Pitching for San Diego Dolphins : RHP Cole Hollingsworth
Batting: SHB Weston Borron 0-0: Ball
1-0: Ball
2-0: Called Strike
2-1: Ball
3-1: Fly out, F9 (Line Drive, 9, EV 88.1 MPH)
Batting: RHB Marlon Anderson 0-0: Called Strike
0-1: Foul Ball, location: 2F
0-2: Foul Ball, location: 2F
0-2: Strikes out swinging
Batting: LHB Andy O'Bryan 0-0: Foul Ball, location: 2F
0-1: Fly out, F8 (Flyball, 8RM, EV 95.6 MPH)
Bottom of the 4th over - 0 runs, 0 hits, 0 errors, 0 left on base; San Diego 0 - Bloomington 1
TOP OF THE 5TH
San Diego Dolphins batting - Pitching for Bloomington Cardinals : RHP Adair Lunsford
Batting: RHB Keyshawn Murata 0-0: Swinging Strike
0-1: Called Strike
0-2: Foul Ball, location: 2F
0-2: Ball
1-2: Foul Ball, location: 2F
1-2: Strikes out swinging
Batting: RHB Blake Glover 0-0: Swinging Strike
0-1: Foul Ball, location: 2F
0-2: Foul Ball, location: 2F
0-2: Strikes out swinging
Batting: RHB Billy Bailey 0-0: Called Strike
0-1: Foul Ball, location: 2F
0-2: Ball
1-2: Foul Ball, location: 2F
1-2: Ball
2-2: Ball
3-2: Foul Ball, location: 2F
3-2: Foul Ball, location: 2F
3-2: Hit by Pitch
Batting: RHB Markieff Pila 0-0: Ground out 4-3 (Groundball, 4, EV 78.1 MPH)
Top of the 5th over - 0 runs, 0 hits, 0 errors, 1 left on base; San Diego 0 - Bloomington 1
BOTTOM OF THE 5TH
Bloomington Cardinals batting - Pitching for San Diego Dolphins : RHP Cole Hollingsworth
Batting: SHB Davin Baker 0-0: Called Strike
0-1: Ball
1-1: Called Strike
1-2: SINGLE (Line Drive, 89S, EV 112.5 MPH)
Batting: RHB Jaylen House 0-0: Called Strike
0-1: Grounds into double play, 6-4-3 (Groundball, 6, EV 86.2 MPH)
Batting: LHB Kendall Loflin 0-0: Ball
1-0: Foul Ball, location: 2F
1-1: Ball
2-1: Ball
3-1: Reached on error, E3 (Groundball, 3L, EV 81.9 MPH)
Batting: RHB Derrick Shannon 0-0: Called Strike
0-1: Foul Ball, location: 2F
0-2: Foul Ball, location: 2F
0-2: Ball
1-2: Ball
2-2: Strikes out swinging
Bottom of the 5th over - 0 runs, 1 hit, 1 error, 1 left on base; San Diego 0 - Bloomington 1
TOP OF THE 6TH
San Diego Dolphins batting - Pitching for Bloomington Cardinals : RHP Adair Lunsford
Batting: RHB Hunter Cooper 0-0: Ball
1-0: Swinging Strike
1-1: Called Strike
1-2: Foul Ball, location: 2F
1-2: Strikes out swinging
Pitching: LHP Hagen Huerta
Batting: RHB John Williams 0-0: Ball
1-0: Ground out 6-3 (Groundball, 6, EV 90.6 MPH)
Batting: RHB LaVar Mbugua 0-0: Called Strike
0-1: Foul Ball, location: 2F
0-2: Ground out 3-1 (Groundball, 34S, EV 61.2 MPH)
Top of the 6th over - 0 runs, 0 hits, 0 errors, 0 left on base; San Diego 0 - Bloomington 1
BOTTOM OF THE 6TH
Bloomington Cardinals batting - Pitching for San Diego Dolphins : RHP Cole Hollingsworth
Batting: RHB Blayne Gillett 0-0: Ball
1-0: Swinging Strike
1-1: Swinging Strike
1-2: Ball
2-2: Strikes out looking
Batting: RHB Mackey Tapia 0-0: Ground out 4-3 (Groundball, 4, EV 93.1 MPH)
Batting: SHB Weston Borron 0-0: Ground out 5-3 (Groundball, 56S, EV 79.4 MPH)
Bottom of the 6th over - 0 runs, 0 hits, 0 errors, 0 left on base; San Diego 0 - Bloomington 1
TOP OF THE 7TH
San Diego Dolphins batting - Pitching for Bloomington Cardinals : LHP Hagen Huerta
Batting: RHB Gage Haislip 0-0: Ball
1-0: Swinging Strike
1-1: Swinging Strike
1-2: Strikes out swinging
Batting: RHB Cole Segal 0-0: Ground out 4-3 (Groundball, 4, EV 108.1 MPH)
Batting: RHB Keyshawn Murata 0-0: Swinging Strike
0-1: Ball
1-1: Ball
2-1: Foul Ball, location: 2F
2-2: Ball
3-2: Fly out, F8 (Flyball, 8LM, EV 92.5 MPH)
Top of the 7th over - 0 runs, 0 hits, 0 errors, 0 left on base; San Diego 0 - Bloomington 1
BOTTOM OF THE 7TH
Bloomington Cardinals batting - Pitching for San Diego Dolphins : RHP Cole Hollingsworth
Batting: RHB Marlon Anderson 0-0: SINGLE (Popup, 3D, EV 47.5 MPH)
Batting: LHB Andy O'Bryan 0-0: SINGLE (Groundball, 34D, EV 95.6 MPH)
Marlon Anderson to second
Runner from 2nd tries for 3rd, SAFE, throw by RF made to third
Batting: SHB Davin Baker 0-0: Swinging Strike
0-1: Ground out 4-3 (Groundball, 4, EV 105.6 MPH)
Andy O'Bryan to second
Batting: RHB Jaylen House 0-0: Ball
1-0: Foul Ball, location: 2F
1-1: Ball
2-1: Called Strike
2-2: Foul Ball, location: 2F
2-2: Strikes out swinging
Batting: LHB Kendall Loflin 0-0: SINGLE (Groundball, 34D, EV 101.9 MPH)
Marlon Anderson scores
Andy O'Bryan to third
Batting: RHB Derrick Shannon 0-0: 3-RUN HOME RUN (Flyball, 9D, EV 93.8 MPH), Distance : 369 ft
Pitching: RHP Cody Harsha
Batting: RHB Blayne Gillett 0-0: Called Strike
0-1: Swinging Strike
0-2: Foul Ball, location: 2F
0-2: Ball
1-2: Ball
2-2: Ball
3-2: Foul Ball, location: 2F
3-2: Ground out 4-3 (Groundball, 4, EV 77.5 MPH)
Bottom of the 7th over - 4 runs, 4 hits, 0 errors, 0 left on base; San Diego 0 - Bloomington 5
TOP OF THE 8TH
San Diego Dolphins batting - Pitching for Bloomington Cardinals : LHP Hagen Huerta
Now in LF: Kristian Malley
Batting: RHB Blake Glover 0-0: Ball
1-0: Foul Ball, location: 2F
1-1: DOUBLE (Line Drive, 3D, EV 104.4 MPH)
Batting: RHB Billy Bailey 0-0: Ball
1-0: Ball
2-0: Foul Ball, location: 2F
2-1: SINGLE (Groundball, 6MD, EV 94.4 MPH)
Blake Glover to third
Batting: RHB Markieff Pila 0-0: Ball
1-0: Foul Ball, location: 2F
1-1: Foul Ball, location: 2F
1-2: Fielders Choice at 2nd, 1-6 (Groundball, 13S, EV 68.1 MPH)
Batting: RHB Hunter Cooper 0-0: Swinging Strike
0-1: Called Strike
0-2: Foul Ball, location: 2F
0-2: Strikes out swinging
Batting: RHB John Williams 0-0: Ball
Wild Pitch!
Blake Glover scores
Markieff Pila to second
1-0: Foul Ball, location: 2F
1-1: Ball
2-1: Swinging Strike
2-2: Foul Ball, location: 2F
2-2: Strikes out swinging
Top of the 8th over - 1 run, 2 hits, 0 errors, 1 left on base; San Diego 1 - Bloomington 5
BOTTOM OF THE 8TH
Bloomington Cardinals batting - Pitching for San Diego Dolphins : RHP Cody Harsha
Batting: RHB Mackey Tapia 0-0: Called Strike
0-1: Ball
1-1: Swinging Strike
1-2: Ball
2-2: Strikes out swinging
Batting: SHB Weston Borron 0-0: Ball
1-0: Ball
2-0: Called Strike
2-1: Ball
3-1: Called Strike
3-2: SINGLE (Groundball, 34D, EV 100.6 MPH)
Batting: RHB Marlon Anderson 0-0: Ball
Weston Borron steals 2nd base
1-0: Ball
2-0: Called Strike
2-1: Called Strike
2-2: Foul Ball, location: 2F
2-2: Foul Ball, location: 2F
2-2: Foul Ball, location: 2F
2-2: Strikes out looking
Batting: LHB Andy O'Bryan 0-0: Ground out 6-3 (Groundball, 6, EV 105.6 MPH)
Bottom of the 8th over - 0 runs, 1 hit, 0 errors, 1 left on base; San Diego 1 - Bloomington 5
TOP OF THE 9TH
San Diego Dolphins batting - Pitching for Bloomington Cardinals : LHP Hagen Huerta
Pitching: RHP Cordell Sigler
Now at 1B: James Goebel
Batting: RHB LaVar Mbugua 0-0: Ball
1-0: Called Strike
1-1: Swinging Strike
1-2: Ball
2-2: Ball
3-2: SINGLE (Flyball, 6D, EV 84.4 MPH)
Batting: RHB Gage Haislip 0-0: Ball
1-0: Grounds into double play, 5-4-3 (Groundball, 5L, EV 86.2 MPH)
Batting: RHB Cole Segal 0-0: Called Strike
0-1: Ball
1-1: Fly out, F4 (Flyball, 34D, EV 92.5 MPH)
Top of the 9th over - 0 runs, 1 hit, 0 errors, 0 left on base; San Diego 1 - Bloomington 5
Monday, April 29th , 2024 - OOTP Baseball 23.10 Build 110